 Dungeon Crawl Stone Soup version 0.19-b1-3-g7dea586 (webtiles) character file.

8302 lorenzova the Covert (level 11, -5/46 (47) HPs)
             Began as a Spriggan Enchanter on Oct 29, 2016.
             Was a Priest of Dithmenos.
             Killed by an exploding fulminant prism (41 damage)
             ... created by 1994's ghost
             ... on level 10 of the Dungeon.
             The game lasted 00:27:45 (12215 turns).

lorenzova the Covert (Spriggan Enchanter)          Turns: 12215, Time: 00:27:47

HP:   -5/46 (47)    AC:  5    Str:  7    XL:     11   Next: 8%
MP:   24/27         EV: 10    Int: 16    God:    Dithmenos [***...]
Gold: 455           SH:  0    Dex: 21    Spells: 3 memorised, 26 levels left

rFire  . . .     SeeInvis +     Q - +1 dagger (venom)
rCold  . . .     Gourm    .     C - +2 robe
rNeg   . . .     Faith    .     (shield restricted)
rPois  +         Spirit   .     (helmet restricted)
rElec  .         Reflect  .     G - +0 cloak {MR+}
rCorr  .         Harm     .     (gloves unavailable)
MR     ++...                    (boots unavailable)
Stlth  ++++++++..               (no amulet)
                                M - ring of poison resistance
                                y - +3 ring of strength

@: held, wreathed by umbra, very quick
A: unfitting armour, see invisible, herbivore 3, speed 3, slow metabolism 2
a: Shadow Step, Renounce Religion


You were on level 10 of the Dungeon.
You worshipped Dithmenos.
Dithmenos was most pleased with you.
You were not hungry.

You visited 2 branches of the dungeon, and saw 11 of its levels.
You also visited: Sewer.

You collected 597 gold pieces.
You spent 142 gold pieces at shops.

Inventory:

Hand Weapons
 t - a +2 rapier of speed
 Q - a +1 dagger of venom (weapon)
Armour
 z - a +1 cloak
 C - a +2 robe (worn)
 G - a +0 cloak of magic resistance (worn)
Jewellery
 b - an uncursed ring of fire
 x - an uncursed ring of protection from fire
 y - a +3 ring of strength (left hand)
 B - an uncursed ring of fire
 D - an uncursed ring of ice
 K - an uncursed ring of stealth
 M - a ring of poison resistance (right hand)
Wands
 j - a wand of polymorph (17/24)
 m - a wand of slowing (16/48)
 H - a wand of heal wounds (3/9)
 O - a wand of paralysis (3/24)
Scrolls
 d - 4 scrolls of fear
 f - 2 scrolls of recharging {unknown}
 l - 3 scrolls of teleportation {unknown}
 n - 2 scrolls of fog {unknown}
 q - 3 scrolls of magic mapping {unknown}
 s - 2 scrolls of random uselessness {unknown}
 u - 2 scrolls of remove curse {unknown}
 w - a scroll of noise {unknown}
 I - a scroll of immolation {unknown}
 L - a scroll of holy word {unknown}
 P - a scroll of enchant weapon
Potions
 a - 3 potions of agility
 e - 3 potions of ambrosia
 g - 2 potions of lignification
 h - a potion of heal wounds
 i - 4 potions of might
 k - a potion of flight
 o - 3 potions of haste
 p - 7 potions of curing {unknown}
 r - 2 potions of brilliance
 E - a potion of cure mutation {unknown}
 F - a potion of magic {unknown}
 J - 2 potions of mutation {unknown}
Books
 c - a book of Maledictions

   Spells                             Type                      Level
   a - Corona                         Hexes                        1
   b - Ensorcelled Hibernation        Hexes/Ice                    2
   c - Confuse                        Hexes                        3
   d - Tukima's Dance                 Hexes                        3
   e - Dazzling Spray                 Conjuration/Hexes            3
 N - a book of Necromancy

   Spells                             Type                      Level
   a - Pain                           Necromancy                   1
   b - Animate Skeleton               Necromancy                   1
   c - Vampiric Draining              Necromancy                   3
   d - Regeneration                   Charms/Necromancy            3
   e - Animate Dead                   Necromancy                   4
   f - Control Undead                 Necromancy                   4
Comestibles
 v - 7 bread rations
 A - 4 slices of pizza


   Skills:
 - Level 1.1 Short Blades
 - Level 3.0 Dodging
 + Level 13.8 Stealth
 + Level 11.1 Spellcasting
 + Level 11.4 Hexes
 + Level 5.8 Ice Magic


You had 26 spell levels left.
You knew the following spells:

 Your Spells              Type           Power        Failure   Level  Hunger
a - Corona                Hex            #####..      1%          1    None
b - Ensorcelled Hibernat  Hex/Ice        #####.       1%          2    None
c - Confuse               Hex            #####...     1%          3    None


Dungeon Overview and Level Annotations

Branches:
Dungeon (10/15)            Temple (1/1) D:6
   Lair: D:8-11         Orc: D:9-12

Altars:
Ashenzari
Cheibriados
Dithmenos
Elyvilon
Fedhas
Gozag
Hepliaklqana
Kikubaaqudgha
Makhleb
Nemelex Xobeh
Okawaru
Qazlal
Ru
Sif Muna
Trog
Uskayaw
Vehumet
Xom
Yredelemnul
Zin
The Shining One

Shops:
D:7 [   D:10 *

Annotations:
D:10 1994's ghost, journeyman DrFE


Innate Abilities, Weirdness & Mutations

You are very small and have problems with some larger weapons.
You are too small for most types of armour.
You have supernaturally acute eyesight. (SInv)
You are a herbivore.
You cover ground extremely quickly.
You need consume almost no food.


Message History

Casting: Ensorcelled Hibernation
Confirm with . or Enter, or press ? or * to list all spells.
Aiming: Confuse
Press: ? - help, Shift-Dir - straight line, f - hill giant
Aim: a hill giant, wielding a giant club (umbra, chance to defeat MR: 52%)
The hill giant resists with significant effort. 1994's ghost turns its malevolent gaze towards you.
The hill giant throws a throwing net.
The throwing net hits you.
You become entangled in the net! 1994's ghost casts a spell past you. 1994's ghost conjures a prism of explosive energy!
You struggle against the net.
The fulminant prism crackles loudly.
You tear a large gash into the net. 1994's ghost frowns in concentration.
The fulminant prism explodes!
The blast of energy engulfs 1994's ghost.
The blast of energy engulfs you!
Ouch! That really hurt!
You die...

.........# ###..####))## #
≈≈≈≈≈≈≈8)# #..#%.##))###
≈≈≈≈≈≈8≈)# ##..#.%.##..##
######'.≈≈.# #..####'##..##
....W.#.≈≈.# ##.### #.#..###
......##≈W.####..#.# ##...###
......))......[.#..####.....#
......##≈≈..)......##≈'.....#
......#.≈≈..@......####....##
##########'.≈≈...C.....##########
≈≈≈≈≈≈≈≈≈≈≈≈8≈...........# #...
≈≈≈≈≈≈≈≈≈≈≈≈≈8..........## #...
.........................# #...
.........................#####...
..........................##.....
...........................#.....
................[................


You could see a hill giant and 1994's ghost.

Vanquished Creatures
  Pikel (D:6)
  A hill giant (D:10)
  An ugly thing (D:10)
  Maurice (D:8)
  A freezing wraith (D:10)
  A troll (D:9)
  2 hippogriffs
  A vampire (D:10)
  2 wyverns
  Eustachio (D:5)
  Grum (D:8)
  4 hogs (D:8)
  A human (D:8)
  A hungry ghost (D:8)
  A water moccasin (D:6)
  The ghost of lorenzova the Sneak, an amateur SpEn of Dithmenos (D:4)
  An ice beast (D:7)
  5 phantoms
  3 orc warriors (D:10)
  3 slaves (D:6)
  2 wolves (D:8)
  A necrophage (D:10)
  4 centaurs
  4 ogres
  A big kobold (D:8)
  Blork the orc (D:5)
  6 bullfrogs
  2 howler monkeys
  6 wights
  2 electric eels (D:10)
  3 crimson imps
  2 hounds
  A bullfrog zombie (D:8)
  2 quasits
  An orc priest (D:10)
  A jelly (D:6)
  6 orc wizards
  Crazy Yiuf (D:4)
  2 bullfrog skeletons
  2 centaur skeletons
  2 gnoll shamans (D:4)
  Jessica (D:3)
  3 iguanas
  8 worker ants
  2 hound skeletons
  A howler monkey skeleton (D:6)
  16 gnolls
  13 adders
  A shadow imp (D:7)
  2 oozes (D:1)
  2 adder skeletons
  An adder zombie (D:8)
  7 worms
  5 dart slugs
  7 leopard geckos
  28 orcs
  7 giant cockroaches
  10 goblins
  7 hobgoblins
  21 jackals
  15 kobolds
  5 quokkas
  4 ball pythons
  7 bats
  8 frilled lizards
  A jackal skeleton (D:4)
  A leopard gecko skeleton (D:5)
  A quokka skeleton (D:7)
  14 rats
  A plant (Sewer)
284 creatures vanquished.

Vanquished Creatures (others)
  A slave (D:6)
  4 jackals (D:6)
  A plant (Sewer)
6 creatures vanquished.

Grand Total: 290 creatures vanquished

Notes
Turn   | Place    | Note
-------+----------+-------------------------------------------
     0 | D:1      | lorenzova the Spriggan Enchanter began the quest for the Orb.
     0 | D:1      | Reached XP level 1. HP: 9/9 MP: 5/5
   134 | D:1      | Reached XP level 2. HP: 13/13 MP: 7/7
   138 | D:1      | Learned a level 2 spell: Ensorcelled Hibernation
   221 | D:1      | Reached skill level 5 in Stealth
   775 | D:1      | Reached XP level 3. HP: 12/16 MP: 2/8
  1068 | D:1      | Learned a level 3 spell: Confuse
  1330 | D:2      | Reached XP level 4. HP: 21/21 MP: 6/11
  1516 | D:2      | HP: 1/21 [hobgoblin/club (4)]
  2551 | D:2      | Found an iron altar of Okawaru.
  2561 | D:2      | Reached skill level 5 in Hexes
  2567 | D:2      | Found a snail-covered altar of Cheibriados.
  2597 | D:2      | Reached XP level 5. HP: 24/24 MP: 12/12
  2718 | D:3      | Reached skill level 6 in Stealth
  2801 | D:3      | Found a glowing drain.
  2826 | Sewer    | Entered a sewer
  4707 | D:3      | Noticed Jessica
  4714 | D:3      | Killed Jessica
  4714 | D:3      | Reached skill level 5 in Spellcasting
  4838 | D:4      | Reached XP level 6. HP: 28/28 MP: 11/14
  5164 | D:4      | Reached skill level 7 in Stealth
  5285 | D:4      | Found a runed door.
  5306 | D:4      | Noticed lorenzova's ghost (amateur SpEn)
  5318 | D:4      | Killed lorenzova's ghost
  5439 | D:5      | Entered Level 5 of the Dungeon
  5527 | D:4      | Reached XP level 7. HP: 32/32 MP: 11/16
  5622 | D:4      | Reached skill level 8 in Stealth
  6026 | D:4      | Noticed Crazy Yiuf
  6034 | D:4      | Killed Crazy Yiuf
  6454 | D:5      | Found a sparkling altar of Nemelex Xobeh.
  6507 | D:5      | Noticed Eustachio
  6519 | D:5      | Killed Eustachio
  6528 | D:5      | Reached skill level 9 in Stealth
  6528 | D:5      | Reached XP level 8. HP: 32/36 MP: 7/19
  6617 | D:5      | Noticed Blork the orc
  6628 | D:5      | Killed Blork the orc
  6961 | D:6      | Reached skill level 1 in Ice Magic
  7132 | D:6      | Found a staircase to the Ecumenical Temple.
  7150 | D:6      | Reached skill level 10 in Stealth
  7160 | Temple   | Entered the Ecumenical Temple
  7267 | Temple   | Became a worshipper of Dithmenos the Shadowed
  7291 | D:6      | Noticed Pikel
  7399 | D:6      | Killed Pikel
  7399 | D:6      | Reached XP level 9. HP: 29/39 MP: 0/22
  7651 | D:6      | Reached skill level 11 in Stealth
  7806 | D:7      | Got an ichor-stained buckler
  7816 | D:7      | Identified the -5 buckler "Maink" {-Cast rN+ Dex+9} (You found it on level 7 of the Dungeon)
  8078 | D:7      | Found Ocoufog's Armour Shoppe.
  8155 | D:7      | Reached * piety under Dithmenos
  8249 | D:7      | Found a bloodstained altar of Trog.
  8710 | D:8      | Reached skill level 12 in Stealth
  8874 | D:8      | Reached skill level 10 in Hexes
  9173 | D:8      | Found a glowing golden altar of the Shining One.
  9211 | D:8      | Reached XP level 10. HP: 44/44 MP: 24/24
  9214 | D:8      | Noticed Maurice
  9229 | D:8      | Killed Maurice
  9361 | D:8      | Reached skill level 10 in Spellcasting
  9496 | D:8      | Reached ** piety under Dithmenos
  9647 | D:8      | Noticed Grum
  9666 | D:8      | Killed Grum
 10240 | D:9      | Found a hazy altar of Hepliaklqana.
 10390 | D:9      | Found a shimmering altar of Xom.
 10390 | D:9      | Found a shimmering altar of Xom.
 10391 | D:9      | Found a shimmering altar of Xom.
 10395 | D:9      | Found a shimmering altar of Xom.
 10395 | D:9      | Found a shimmering altar of Xom.
 10395 | D:9      | Found a shimmering altar of Xom.
 10395 | D:9      | Found a shimmering altar of Xom.
 10395 | D:9      | Found a shimmering altar of Xom.
 10421 | D:9      | Reached skill level 5 in Ice Magic
 10551 | D:10     | Entered Level 10 of the Dungeon
 10658 | D:10     | Found Baupruydd's General Store.
 10689 | D:10     | Reached skill level 13 in Stealth
 10871 | D:10     | Bought a scroll of enchant weapon for 82 gold pieces
 10871 | D:10     | Bought a scroll of identify for 22 gold pieces
 10871 | D:10     | Bought a scroll of fear for 38 gold pieces
 10902 | D:10     | Noticed a cyan ugly thing
 10921 | D:10     | Killed a cyan ugly thing
 10948 | D:10     | Noticed a hill giant
 11007 | D:10     | Killed a hill giant
 11040 | D:10     | Reached *** piety under Dithmenos
 11446 | D:10     | Reached XP level 11. HP: 42/46 MP: 15/27
 11608 | D:10     | Noticed 1994's ghost (journeyman DrFE)
 12208 | D:10     | Noticed a hill giant
 12215 | D:10     | Killed by an exploding fulminant prism

Skill      XL: |  1  2  3  4  5  6  7  8  9 10 |
---------------+-------------------------------+-----
Spellcasting   | 3 4 5 6 8 9 11 | 11.1
Stealth        | 5 6 7 9 10 12 13 | 13.8
Hexes          | 4 5 6 7 8 10 11 | 11.4
Ice Magic      | 2 4 5 |  5.8
Short Blades   | |  1.1
Dodging        | |  3.0

Action                   |  1- 3 |  4- 6 |  7- 9 | 10-12 || total
-------------------------+-------+-------+-------+-------++-------
Melee: Dagger            |   101 |   569 |       |     6 ||   676
       Rapier            |       |    28 |   273 |   271 ||   572
 Cast: Ensorcelled Hiber |    17 |    47 |    51 |    25 ||   140
       Confuse           |     1 |     8 |    32 |    46 ||    87
  Use: Scroll            |       |       |       |     8 ||     8
 Stab: Sleeping          |    17 |    44 |    47 |    23 ||   131
       Confused          |     1 |     3 |    23 |    29 ||    56
       Distracted        |       |     1 |     1 |     2 ||     4
  Eat: Pizza             |       |     1 |     2 |     4 ||     7
       Bread ration      |       |     1 |       |       ||     1
Armor: Robe              |    15 |    27 |    18 |    12 ||    72
Dodge: Dodged            |    85 |   220 |   147 |   168 ||   620
